 Dungeon Crawl Stone Soup version 0.17-a0-1787-g4aeb8be (webtiles) character file.

42 Gargoyl the Skirmisher (level 3, 0/29 HPs)
             Began as a Demonspawn Abyssal Knight on Sept 9, 2015.
             Was a Follower of Lugonu.
             Succumbed to an adder's poison
             ... on level 2 of the Dungeon.
             The game lasted 00:02:08 (1094 turns).

Gargoyl the Skirmisher (Demonspawn Abyssal Knight)  Turns: 1094, Time: 00:02:08

Health: 0/29       AC:  4    Str: 13    XL:     3   Next: 33%
Magic:  5/5        EV: 11    Int: 13    God:    Lugonu [*.....]
Gold:   79         SH:  0    Dex: 12    Spells: 0 memorised, 2 levels left

rFire  . . .     SeeInvis .     a - +1 hand axe
rCold  . . .     Clarity  .     b - +0 leather armour
rNeg   . . .     SustAt   .     (no shield)
rPois  .         Gourm    .     (helmet restricted)
rElec  .         Spirit   .     (no cloak)
rCorr  .         Warding  .     (no gloves)
rMut   .         Stasis   .     e - +0 pair of boots
MR     .....                    j - amulet of regeneration
Stlth  +.........               (no ring)
                                (no ring)

@: lethally poisoned (0 -> -1), not resistant to hostile enchantments, very
unstealthy
A: horns 1
a: Depart the Abyss, Renounce Religion


You were on level 2 of the Dungeon.
You worshipped Lugonu.
Lugonu was aware of your devotion.
You were not hungry.

You visited 1 branch of the dungeon, and saw 2 of its levels.
You visited the Abyss 1 time.

You collected 79 gold pieces.

Inventory:

Hand weapons
 a - a +1 hand axe (weapon)
Armour
 b - a +0 leather armour (worn)
 e - a +0 pair of boots (worn)
Jewellery
 j - an amulet of regeneration (around neck)
Scrolls
 g - a scroll of teleportation {unknown}
 i - a scroll of remove curse {unknown}
 k - 2 scrolls of identify {unknown}
 l - a scroll of amnesia {unknown}
Potions
 h - a potion of mutation {unknown}
 m - 2 potions of curing {unknown}
Comestibles
 c - a bread ration
 d - 2 meat rations


   Skills:
 + Level 3.4 Fighting
 + Level 2.2 Axes
 + Level 2.0 Armour
 + Level 1.1 Dodging
 + Level 3.2 Invocations


You had 2 spell levels left.
You didn't know any spells.

Dungeon Overview and Level Annotations

Branches:
Dungeon (2/15)

Altars:


Innate Abilities, Weirdness & Mutations

You have a pair of small horns on your head.


Message History

The adder is heavily wounded.
You feel sick. The adder misses you.
You closely miss the adder. Your headbutt misses the adder.
The adder is heavily wounded.
You feel sick. The adder bites you.
* * * LOW HITPOINT WARNING * * *
The adder barely misses you.
You hit the adder.
You headbutt the adder, but do no damage.
The adder is severely wounded.
* * * LOW HITPOINT WARNING * * *
You feel sick. The adder bites you but does no damage.
You miss the adder.
The adder is severely wounded.
* * * LOW HITPOINT WARNING * * *
You feel sick. The adder bites you but does no damage.
The adder bites you but does no damage.
You closely miss the adder. Your headbutt misses the adder.
The adder is severely wounded.
You die...

#.#...##......#
......##......#
#.##..##......#
#.##..##......#
#.##..#######.#######
#.##..##.............
#.##..##.####.######
#.##..##.####.###########
...............S@...$....
#.....##.####.###########
#.###.##.# .... ..#
#.##.#.###.# .## #.##.#
.# .####.##.# S#
.........# .# .####.####
.# ..# #.#


You could see an adder.

Vanquished Creatures
  An adder (D:2)
  An ooze (D:1)
  2 giant geckos
  A giant cockroach (D:1)
  A hobgoblin (D:1)
  4 kobolds (D:1)
  2 ball pythons (D:1)
  5 bats (D:1)
  3 giant newts (D:1)
  5 goblins (D:1)
  4 rats (D:1)
29 creatures vanquished.

Notes
Turn   | Place    | Note
--------------------------------------------------------------
     0 | Abyss:1  | Gargoyl the Demonspawn Abyssal Knight began the quest for the Orb.
     0 | Abyss:1  | Reached XP level 1. HP: 18/18 MP: 2/2
    76 | Abyss:1  | Noticed an iron imp
    77 | Abyss:1  | Noticed a wretched star
    79 | Abyss:1  | Noticed a lich
    81 | Abyss:1  | Noticed an Executioner
    81 | D:1      | Escaped the Abyss
   223 | D:1      | Reached skill level 1 in Dodging
   329 | D:1      | Acquired Lugonu's first power
   329 | D:1      | Gained mutation: You have a pair of small horns on your head. [demonic ancestry]
   329 | D:1      | Reached XP level 2. HP: 24/24 MP: 4/4
   713 | D:1      | Reached XP level 3. HP: 26/29 MP: 5/5
   954 | D:1      | You fall through a shaft!
  1092 | D:2      | HP: 1/29 [poisoned by an adder]
  1094 | D:2      | Succumbed to an adder's poison

Vault maps used:
D:1:      tarquinn_simple_flora_water_e
D:2:      first_bread

Action                   || total
-------------------------++-------
Melee: Hand axe          ||    94
Invok: Depart the Abyss  ||     1
  Eat: Beef jerky        ||     1
